 Dungeon Crawl Stone Soup version 0.31.0-32-g396128a36d (webtiles) character file.

Game seed: 1589066546427584148

4 PaiMei the Grave Robber (level 1, -1/13 HPs)
             Began as a Demonspawn Necromancer on Apr 3, 2024.
             Slain by a rat (2 damage)
             ... on level 1 of the Dungeon.
             The game lasted 00:00:18 (59 turns).

PaiMei the Grave Robber (Demonspawn Necromancer)      Turns: 59, Time: 00:00:18

Health: -1/13      AC:  2    Str:  8    XL:     1   Next: 58%
Magic:  0/3        EV: 12    Int: 15    God:
Gold:   9          SH:  0    Dex: 13    Spells: 3/4 levels left

rFire   . . .        c - +0 morningstar
rCold   . . .        (no shield)
rNeg    . . .        a - +0 robe
rPois   .            (no helmet)
rElec   .            (no cloak)
rCorr   .            (no gloves)
SInv    .            (no boots)
Will    .....        (no amulet)
Stlth   ++           (no ring)
HPRegen 0.22/turn    (no ring)
MPRegen 0.08/turn

%: no passive effects
@: no status effects
A: no striking features
a: no special abilities


You were on level 1 of the Dungeon.
You visited 1 branch of the dungeon, and saw 1 of its levels.

You collected 9 gold pieces.

Inventory:

Hand Weapons
 c - a +0 morningstar (weapon)
Armour
 a - a +0 robe (worn)
Potions
 b - a potion of magic


   Skills:
 + Level 1.9 Dodging
 + Level 1.9 Stealth
 + Level 2.1 Spellcasting
 + Level 4.4 Necromancy


You had 3 spell levels left.
You knew the following spells:

 Your Spells              Type           Power      Damage    Failure   Level
a - Necrotise             Necr           56%        1d6       3%          1

Your spell library contained the following spells:

 Spells                   Type           Power      Damage    Failure   Level
 Vampiric Draining        Necr           14%        2d7       11%         3
 Animate Dead             Necr           14%        N/A       34%         4
 Curse of Agony           Necr           14%        N/A       69%         5


Dungeon Overview and Level Annotations

Branches:
Dungeon (1/15)

Altars:


Message History

Your bat skeleton closely misses the goblin.
Your bat skeleton hits the goblin.
The quokka twitches its whiskers.
The quokka barely misses your bat skeleton.
The goblin barely misses you.
Your bat skeleton closely misses the goblin.
The quokka bites your bat skeleton. The goblin hits you with a +0 club.
Your bat skeleton barely misses the quokka.
You sock the goblin!
You kill the goblin!
Your bat skeleton closely misses the quokka.
Your bat skeleton misses the quokka.
The quokka bites your bat skeleton.
Your bat skeleton is destroyed!
The rat closely misses you.
Casting: Necrotise (safe; 3% risk of failure)
Confirm with . or Enter, or press ? or * to list all spells.
Aiming: Necrotise (safe; 3% risk of failure)
Press: ? - help, Shift-Dir - straight line, f - hobgoblin
Aim: a hobgoblin (chance to affect: 84%)
The hobgoblin writhes in agony.
The quokka twitches its whiskers.
The quokka closely misses you. The rat barely misses you.
The hobgoblin hits you.
You hit the hobgoblin.
You kill the hobgoblin!
The quokka bites you.
* * * LOW HITPOINT WARNING * * *
The rat bites you but does no damage. The quokka bites you.
* * * LOW HITPOINT WARNING * * *
Casting: Necrotise (safe; 3% risk of failure)
Confirm with . or Enter, or press ? or * to list all spells.
You don't have enough magic to cast this spell.
The rat attacks as it pursues you! The rat closely misses you.
The quokka bites you but does no damage.
You see here a hobgoblin corpse.
Casting: Necrotise (safe; 3% risk of failure)
Confirm with . or Enter, or press ? or * to list all spells.
You don't have enough magic to cast this spell.
The rat attacks as it pursues you! The rat bites you.
You die...

.# .$. #.## #..
...##### ....
.####..... ...
.........## #.# .
..........#####..##..
###......@r.gw.........
.........r.##.........
#..".....##.##....###
.###........#.##..#.##
..(.........#b.#..#.###
...........#..........
###........gr.......##
#...#.###.......#.#...
#...##w#####.....#.


You could see a dart slug, a quokka, a hobgoblin and a rat.

Vanquished Creatures
  A hobgoblin (D:1)
  A ball python (D:1)
  A bat (D:1)
  2 goblins (D:1)
5 creatures vanquished.

Notes
Turn   | Place    | Note
-------+----------+-------------------------------------------
     0 | D:1      | PaiMei the Demonspawn Necromancer began the quest for the
                  | Orb.
     0 | D:1      | Reached XP level 1. HP: 13/13 MP: 3/3
    59 | D:1      | Slain by a rat

Illustrated notes

Levels and vault maps discovered:
D:1:      onia_arrival_pyramid, layout_rooms, minmay_misc_feat_square

Action                     || total
---------------------------++-------
  Melee: Unarmed           ||     7
         Morningstar       ||     4
   Cast: Necrotise         ||     6
 Armour: Robe              ||    20
  Dodge: Dodged            ||    28
